 Dungeon Crawl Stone Soup version 0.23.2-30-g0e89c35649 (webtiles) character file.

Game seed: 12812718533635770554

1889 Mrkan the Cleaver (level 9, -1/80 HPs)
             Began as a Hill Orc Fighter on June 24, 2019.
             Was a Follower of Uskayaw.
             Killed by divine providence
             ... invoked by an orc priest
              (13 damage)
             ... on level 7 of the Dungeon.
             The game lasted 00:12:36 (5106 turns).

Mrkan the Cleaver (Hill Orc Fighter)                Turns: 5106, Time: 00:12:37

Health: -1/80      AC: 11    Str: 21    XL:     9   Next: 15%
Magic:  9/9        EV:  8    Int:  8    God:    Uskayaw [*.....]
Gold:   135        SH: 11    Dex: 11    Spells: 8/8 levels left

rFire    . . .     SeeInvis .   x - +0 broad axe
rCold    . . .     Gourm    .   c - +1 shield
rNeg     . . .     Faith    .   b - +0 scale mail
rPois    .         Spirit   .   p - +0 helmet
rElec    .         Reflect  .   u - +0 cloak
rCorr    .         Harm     .   w - +0 pair of gloves
MR       .....                  m - +0 pair of boots
Stlth    ..........             (no amulet)
HPRegen  0.23/turn              (no ring)
MPRegen  0.11/turn              (no ring)

@: no status effects
A: no striking features
a: Stomp, Renounce Religion, Convert to Beogh


You were on level 7 of the Dungeon.
You worshipped Uskayaw.
Uskayaw was noncommittal.
You were not hungry.

You visited 2 branches of the dungeon, and saw 8 of its levels.

You collected 255 gold pieces.
You spent 120 gold pieces at shops.

Inventory:

Hand Weapons
 a - a +0 war axe
 x - a +0 broad axe (weapon)
 A - a -2 eveningstar
Armour
 b - a +0 scale mail (worn)
 c - a +1 shield (worn)
 m - a +0 pair of boots (worn)
 p - a +0 helmet (worn)
 u - a +0 cloak (worn)
 w - a +0 pair of gloves (worn)
Jewellery
 i - an uncursed amulet of rage {unknown}
 r - an uncursed amulet of harm
 t - an uncursed ring of positive energy {unknown}
Scrolls
 d - 5 scrolls of remove curse
 e - 3 scrolls of teleportation
 l - a scroll of fog {unknown}
 n - 3 scrolls of identify
 o - a scroll of blinking
Potions
 g - 2 potions of flight {unknown}
 h - 2 potions of haste {unknown}
 j - 2 potions of brilliance {unknown}
 k - 4 potions of curing {unknown}
 q - a potion of heal wounds {unknown}
 s - a potion of agility {unknown}
 v - a potion of mutation {unknown}
Comestibles
 f - 4 rations
 z - 10 chunks of flesh


   Skills:
 - Level 7.7 Fighting
 * Level 10.9 Axes
 + Level 3.4 Armour
 - Level 7.0 Shields
 * Level 1.3 Invocations


You had 8 spell levels left.
You didn't know any spells.
Your spell library contained the following spells:

 Spells                   Type           Power        Failure   Level  Hunger
 Confusing Touch          Hex            #.....       97%         1    ##.....
 Confuse                  Hex            #.......     100%        3    ####...
 Gell's Gravitas          Tloc           #.........   100%        3    ####...
 Petrify                  Tmut/Erth      #.......     100%        4    #####..
 Metabolic Englaciation   Hex/Ice        #.........   100%        5    ######.
 Yara's Violent Unravell  Hex/Tmut       #.........   100%        5    ######.


Dungeon Overview and Level Annotations

Branches:
Dungeon (7/15)             Temple (1/1) D:5

Altars:
Ashenzari
Cheibriados
Fedhas
Gozag
Hepliaklqana
Kikubaaqudgha
Makhleb
Nemelex Xobeh
Qazlal
Ru
Trog
Uskayaw
Vehumet
Wu Jian
Xom
Yredelemnul
Zin
The Shining One

Shops:
D:6 *((=%


Message History

The orc wizard points at you and mumbles some strange words.
The magic dart hits you but does no damage.
You block the orc wizard's attack.
The orc priest calls down the wrath of Beogh upon you.
Beogh smites you!
You see here 2 tomahawks.
You slash the orc wizard!
The orc wizard is almost dead.
You block the orc wizard's attack.
The orc priest invokes the aid of Beogh against you.
Beogh smites you!
* * * LOW HITPOINT WARNING * * *
Okay, then.
You slice the orc wizard!!
You kill the orc wizard!
The orc warrior throws a tomahawk.
The tomahawk hits you but does no damage.
The orc priest calls down the wrath of Beogh upon you.
Beogh smites you!
You die...

#...#...##............#.#
.........<..............# #..
.....####...........#...##.... .
....####.................#... ..
#..## #..............#...#... ...
....#.#........##....#...........
......##........>.........# o....
.......###.#.##...........#......
#.....###..#####@...#.##.........
...........#.#..o...#...$?.......
##......##.#....###..............
#......#......o.o).....#........
###......####.#.######.#........
###.... ##### ####......# ##...
##...## #... #.## ##.. ##


You could see an orc warrior and an orc priest.

Vanquished Creatures
  Eustachio (D:4)
  Edmund (D:4)
  A water moccasin (D:5)
  A phantom (D:6)
  A centaur (D:5)
  A bullfrog (D:6)
  6 scorpions (D:6)
  2 howler monkeys
  A centaur zombie (D:5)
  A quasit (D:6)
  2 crimson imps (D:6)
  A jelly (D:6)
  3 hounds
  2 iguanas
  A bullfrog skeleton (D:4)
  A centaur skeleton (D:6)
  Terence (D:2)
  4 orc wizards
  6 worker ants
  A killer bee zombie (D:6)
  A hound skeleton (D:4)
  4 gnolls (D:7)
  A howler monkey skeleton (D:6)
  10 adders
  A shadow imp (D:6)
  3 adder zombies
  2 adder skeletons
  A worm (D:4)
  3 dart slugs
  3 leopard geckos
  4 orcs
  4 ball pythons
  2 giant cockroaches
  4 goblins (D:1)
  8 hobgoblins
  4 jackals (D:3)
  4 kobolds
  4 quokkas
  14 bats
  3 frilled lizards
  A goblin skeleton (D:6)
  A goblin zombie (D:6)
  3 hobgoblin zombies (D:6)
  A jackal skeleton (D:6)
  A kobold skeleton (D:6)
  7 kobold zombies (D:6)
  A quokka zombie (D:5)
  8 rats
  2 fungi (D:6)
143 creatures vanquished.

Vanquished Creatures (others)
  7 fungi (D:6)
7 creatures vanquished.

Grand Total: 150 creatures vanquished

Notes
Turn   | Place    | Note
-------+----------+-------------------------------------------
     0 | D:1      | Mrkan the Hill Orc Fighter began the quest for the Orb.
     0 | D:1      | Reached XP level 1. HP: 19/19 MP: 1/1
    56 | D:1      | Reached skill level 3 in Axes
    98 | D:1      | Reached XP level 2. HP: 27/27 MP: 2/2
   211 | D:1      | Found a shimmering altar of Xom.
   403 | D:2      | Found a stormy altar of Qazlal.
   436 | D:2      | Reached XP level 3. HP: 26/33 MP: 3/3
   650 | D:2      | Noticed Terence
   659 | D:2      | Killed Terence
   659 | D:2      | Reached skill level 4 in Axes
   659 | D:2      | Reached XP level 4. HP: 25/40 MP: 4/4
   805 | D:2      | Found a shattered altar of Ashenzari.
   993 | D:3      | Reached skill level 5 in Axes
  1075 | D:3      | Reached XP level 5. HP: 47/47 MP: 5/5
  1483 | D:4      | Reached skill level 5 in Fighting
  1483 | D:4      | Reached skill level 6 in Axes
  1483 | D:4      | Reached XP level 6. HP: 41/56 MP: 6/6
  2168 | D:4      | Found a bloodstained altar of Trog.
  2270 | D:4      | Noticed Eustachio
  2312 | D:4      | Killed Eustachio
  2312 | D:4      | Reached skill level 7 in Axes
  2312 | D:4      | Reached skill level 5 in Shields
  2312 | D:4      | Reached XP level 7. HP: 44/62 MP: 7/7
  2338 | D:4      | Noticed Edmund
  2355 | D:4      | Killed Edmund
  2435 | D:4      | Found a burning altar of Makhleb.
  2513 | D:5      | Entered Level 5 of the Dungeon
  2570 | D:5      | HP: 1/63 [cloud of flame (14)]
  2869 | D:5      | Reached skill level 8 in Axes
  3013 | D:5      | HP: 3/63 [poisoned by a worker ant]
  3021 | D:5      | HP: 3/63 [poisoned by a worker ant]
  3318 | D:5      | Found a staircase to the Ecumenical Temple.
  3338 | Temple   | Entered the Ecumenical Temple
  3461 | D:5      | Reached XP level 8. HP: 58/71 MP: 8/8
  3731 | D:5      | Found a sparkling altar of Nemelex Xobeh.
  3904 | D:6      | Found Zuubb's General Store.
  3973 | D:6      | Reached skill level 9 in Axes
  3983 | D:6      | Found a hide-covered altar of Uskayaw.
  4028 | D:6      | Became a worshipper of Uskayaw the Reveler
  4046 | D:6      | Found a basalt altar of Yredelemnul.
  4086 | D:6      | Reached * piety under Uskayaw
  4097 | D:6      | Reached ** piety under Uskayaw
  4099 | D:6      | Found a glowing golden altar of the Shining One.
  4115 | D:6      | Reached *** piety under Uskayaw
  4307 | D:6      | Found Bich's Antique Weapon Boutique.
  4323 | D:6      | Bought a broad axe for 120 gold pieces
  4334 | D:6      | Found Caymir's Food Shoppe.
  4427 | D:6      | Found Cakisaly's Jewellery Boutique.
  4460 | D:6      | Found a glowing silver altar of Zin.
  4511 | D:6      | Reached **** piety under Uskayaw
  4565 | D:6      | Reached skill level 10 in Axes
  4790 | D:6      | Reached XP level 9. HP: 79/79 MP: 9/9
  4836 | D:6      | Found Qoba's Weapon Boutique.
  5051 | D:7      | Reached skill level 1 in Invocations
  5106 | D:7      | Killed from afar by an orc priest

Skill      XL: |  1  2  3  4  5  6  7  8  9 |
---------------+----------------------------+-----
Axes           | 3 4 5 6 7 8 10 | 10.9
Fighting       | 4 5 6 7 |  7.7
Shields        | 4 5 6 7 |  7.0
Invocations    | 1 |  1.3
Armour         | |  3.4

Action                   |  1- 3 |  4- 6 |  7- 9 || total
-------------------------+-------+-------+-------++-------
Melee: War axe           |    70 |   212 |   142 ||   424
       Broad axe         |       |       |   115 ||   115
  Use: Scroll            |       |       |     8 ||     8
       Potion            |       |       |     1 ||     1
 Stab: Paralysed         |       |       |     8 ||     8
       Held in net/web   |       |       |     1 ||     1
  Eat: Chunk             |       |     5 |     6 ||    11
       Ration            |       |       |     1 ||     1
Armor: Scale mail        |    53 |   106 |    95 ||   254
Dodge: Dodged            |    33 |    66 |    81 ||   180
Block: Shield            |    47 |    99 |   153 ||   299
